 Dungeon Crawl Stone Soup version 0.19.1-1-g22dce08 (webtiles) character file.

1062 dngmouse the Cleaver (level 8, -2/100 HPs)
             Began as a Minotaur Berserker on Jan 20, 2017.
             Was a Priest of Trog.
             Killed by divine providence
             ... invoked by an orc priest
              (15 damage)
             ... on level 6 of the Dungeon.
             The game lasted 00:09:14 (3844 turns).

dngmouse the Cleaver (Minotaur Berserker)           Turns: 3844, Time: 00:09:15

Health: -2/100     AC:  9    Str: 27    XL:     8   Next: 6%
Magic:  7/7        EV: 11    Int:  4    God:    Trog [***...]
Gold:   167        SH:  0    Dex: 12    Spells: 0 memorised, 7 levels left

rFire  + . .     SeeInvis .     u - +1 battleaxe (chop)
rCold  . . .     Gourm    .     k - +1 scale mail
rNeg   . . .     Faith    .     (shield currently unavailable)
rPois  +         Spirit   .     (helmet restricted)
rElec  .         Reflect  .     j - +1 cloak
rCorr  .         Harm     .     (no gloves)
MR     ++...                    (no boots)
Stlth  ..........               (no amulet)
                                m - ring of protection from fire
                                h - ring of poison resistance

@: berserking, regenerating, very quick
A: retaliatory headbutt, horns 2
a: Berserk, Trog's Hand, Burn Spellbooks, Renounce Religion


You were on level 6 of the Dungeon.
You worshipped Trog.
Trog was most pleased with you.
You were very hungry.

You visited 1 branch of the dungeon, and saw 6 of its levels.

You collected 167 gold pieces.

Inventory:

Hand Weapons
 u - a +1 battleaxe of chopping (weapon)
 x - a +1 hand axe of draining
Armour
 j - a +1 cloak (worn)
 k - a +1 scale mail (worn)
Jewellery
 h - a ring of poison resistance (left hand)
 m - a ring of protection from fire (right hand)
 o - an uncursed ring of flight
 t - an uncursed ring of ice {unknown}
 y - a +4 ring of intelligence {unknown}
Wands
 n - a wand of flame (29/48)
 p - a wand of disintegration (20/24)
 q - a wand of polymorph (12/24)
Scrolls
 a - a scroll of enchant weapon {unknown}
 e - a scroll of enchant armour
 i - 2 scrolls of fog
 A - a scroll of vulnerability {unknown}
Potions
 b - 3 potions of curing {unknown}
 f - a potion of magic {unknown}
 g - a potion of brilliance {unknown}
 r - 2 potions of agility {unknown}
 v - a potion of degeneration {unknown}
 w - 2 potions of might {unknown}
Comestibles
 c - 3 bread rations
 d - a fruit
 l - 5 beef jerkies
 s - a slice of pizza
 z - a meat ration


   Skills:
 - Level 4.4 Fighting
 * Level 11.3 Axes
 - Level 2.4 Armour
 - Level 2.1 Dodging


You had 7 spell levels left.
You didn't know any spells.

Dungeon Overview and Level Annotations

Branches:
Dungeon (6/15)
 Temple: D:4-7

Altars:
Dithmenos
Fedhas
Kikubaaqudgha
Qazlal
Ru
Xom
Yredelemnul
The Shining One


Innate Abilities, Weirdness & Mutations

You reflexively headbutt those who attack you in melee.
You have a pair of horns on your head.


Message History

A red film seems to cover your vision as you go berserk!
You feel yourself moving faster!
You feel mighty!
You are feeling very hungry.
The orc warrior hits you with a war axe!
* * * LOW HITPOINT WARNING * * *
You slash the orc warrior! You headbutt the orc warrior!
The orc warrior is almost dead.
The orc warrior barely misses you.
The orc wizard gestures wildly while chanting.
The orc wizard flickers and vanishes!
Deactivating autopickup; reactivate with Ctrl-A.
You barely miss the orc warrior. Your headbutt misses the orc warrior.
The orc warrior is almost dead.
The orc warrior hits you with a war axe.
* * * LOW HITPOINT WARNING * * *
You closely miss the orc warrior. Your headbutt misses the orc warrior.
The orc warrior is almost dead.
The orc priest invokes the aid of Beogh against you.
Beogh smites you!
You die...

# #.# # ##'##
#.# #.#
#######.##
#........##
..........#
#.#......##
##.##.##########
#......@oo{oo..
####.##########
#.# .<# ##.# #.#
#.# #.


You could see an orc warrior, an orc priest, an orc wizard and an orc.

Vanquished Creatures
  The ghost of ponk the Slasher, an amateur DsAK of Lugonu (D:4)
  An ice beast (D:5)
  An ogre (D:4)
  A crimson imp (D:6)
  3 hounds
  A centaur skeleton (D:4)
  An orc priest (D:4)
  3 orc wizards (D:4)
  A bullfrog skeleton (D:6)
  2 iguanas (D:4)
  7 worker ants
  A killer bee zombie (D:6)
  6 adders
  An ooze (D:1)
  3 worms
  2 dart slugs
  5 leopard geckos
  21 orcs
  A giant cockroach (D:1)
  6 goblins
  6 hobgoblins
  5 kobolds
  A quokka (D:4)
  5 bats
  4 frilled lizards
  A jackal skeleton (D:5)
  A jackal zombie (D:5)
  6 rats
  A butterfly (D:4)
98 creatures vanquished.

Notes
Turn   | Place    | Note
-------+----------+-------------------------------------------
     0 | D:1      | dngmouse the Minotaur Berserker began the quest for the Orb.
     0 | D:1      | Reached XP level 1. HP: 19/19 MP: 0/0
    65 | D:1      | Reached skill level 4 in Axes
    74 | D:1      | Reached XP level 2. HP: 20/27 MP: 1/1
   605 | D:2      | Reached XP level 3. HP: 32/33 MP: 2/2
   608 | D:2      | Reached ** piety under Trog
   660 | D:2      | Reached skill level 5 in Axes
  1202 | D:3      | Found an ancient bone altar of Kikubaaqudgha.
  1486 | D:3      | Reached XP level 4. HP: 41/41 MP: 3/3
  1772 | D:3      | Found a sacrificial altar of Ru.
  1991 | D:4      | Reached skill level 6 in Axes
  1998 | D:4      | Reached XP level 5. HP: 32/47 MP: 4/4
  2385 | D:4      | Reached *** piety under Trog
  2385 | D:4      | Reached skill level 7 in Axes
  2394 | D:4      | Noticed ponk's ghost (amateur DsAK)
  2397 | D:4      | Reached XP level 6. HP: 29/53 MP: 5/5
  2408 | D:4      | Killed ponk's ghost
  2408 | D:4      | Reached skill level 9 in Axes
  2521 | D:4      | Reached XP level 7. HP: 43/60 MP: 6/6
  2670 | D:4      | Found a shadowy altar of Dithmenos.
  2829 | D:4      | Found a shimmering altar of Xom.
  3047 | D:5      | Entered Level 5 of the Dungeon
  3066 | D:5      | Noticed a fire elemental
  3067 | D:5      | Found a stormy altar of Qazlal.
  3071 | D:5      | Noticed an air elemental
  3075 | D:5      | Reached skill level 10 in Axes
  3076 | D:5      | Noticed a water elemental
  3202 | D:5      | Found a glowing golden altar of the Shining One.
  3202 | D:5      | Found a blossoming altar of Fedhas.
  3203 | D:5      | Found a basalt altar of Yredelemnul.
  3750 | D:6      | Reached skill level 11 in Axes
  3799 | D:6      | Reached XP level 8. HP: 62/67 MP: 7/7
  3844 | D:6      | Killed from afar by an orc priest

Skill      XL: |  1  2  3  4  5  6  7 |
---------------+----------------------+-----
Axes           | 4 5 6 7 9 11 | 11.3
Fighting       | 4 |  4.4
Armour         | |  2.4
Dodging        | |  2.1

Action                   |  1- 3 |  4- 6 |  7- 9 || total
-------------------------+-------+-------+-------++-------
Melee: Hand axe          |    66 |    90 |    45 ||   201
       Headbutt          |    16 |    13 |    19 ||    48
       Battleaxe         |       |       |    51 ||    51
Invok: Berserk           |     1 |     1 |     1 ||     3
       Trog's Hand       |       |       |     1 ||     1
  Use: Scroll            |       |       |     8 ||     8
  Eat: Chunk             |     3 |     4 |     4 ||    11
Armor: Animal skin       |     6 |       |       ||     6
       Scale mail        |    14 |    22 |    17 ||    53
Dodge: Dodged            |    42 |    54 |    46 ||   142
